[ AOE2 MATCH · #506530011 ]
UnrankedTeutons vs Celts
Player's team · LOSS
Rival team · WIN
[ REPLAY ANALYSIS · EXTRACTED FROM THE RECORDED GAME ]
Feudal
8:27
Castle
24:17
Imperial
36:30
| APM avg | 43.9 |
| APM peak | 104 |
| eAPM avg | 29.9 |
| Villagers / military | 176 / 114 |
Focus
⚔️ 37.7% · 🌾 62.3%
Hand Cannoneer ×103 · Cavalry Archer ×5 · Monk ×3 · Mangonel ×2 · Bombard Cannon ×1
Feudal
10:14
Castle
19:16
Imperial
36:48
| APM avg | 32.3 |
| APM peak | 58 |
| eAPM avg | 23.2 |
| Villagers / military | 197 / 141 |
Focus
⚔️ 31.8% · 🌾 68.2%
Militia ×117 · Battering Ram ×21 · Mangonel ×3
Match map
Initial resources + every placement click. Lines = walls · curves = elevation contours. ◆ gold · ⬟ stone · ● berries · ✦ relic · ◌ wall gap
Your base· ✓ Closed at 24:17 · 21t walls · 2 gate(s)
Kaze's base· ✓ Closed at 19:16 · 24t walls · 3 gate(s)
Smoothed initial terrain · ◌ = detected wall gap · hover for details
Inputs per minute
— FJL - - Kaze
Build order — FJL
First 150 of 479 actions detected
| 0:01 | Queue | Villager (Male) |
| 0:02 | Build | House |
| 0:03 | Build | House |
| 0:17 | Queue | Villager (Male) |
| 0:17 | Queue | Villager (Male) |
| 0:17 | Queue | Villager (Male) |
| 1:17 | Queue | Villager (Male) |
| 1:17 | Queue | Villager (Male) |
| 1:42 | Queue | Villager (Male) |
| 1:42 | Queue | Villager (Male) |
| 1:49 | Build | Lumber Camp |
| 2:07 | Queue | Villager (Male) |
| 2:55 | Queue | Villager (Male) |
| 3:05 | Build | House |
| 3:15 | Queue | Villager (Male) |
| 3:23 | Build | House |
| 3:27 | Queue | Villager (Male) |
| 3:27 | Queue | Villager (Male) |
| 3:42 | Queue | Villager (Male) |
| 3:42 | Queue | Villager (Male) |
| 4:25 | Queue | Villager (Male) |
| 4:49 | Build | Mill |
| 4:54 | Queue | Villager (Male) |
| 5:16 | Queue | Villager (Male) |
| 5:26 | Research | Loom |
| 6:17 | Research | Feudal Age |
| 7:07 | Build | Mining Camp |
| 8:27 | Age | Feudal Age |
| 8:33 | Build | Watch Tower |
| 8:42 | Queue | Villager (Male) |
| 9:02 | Queue | Villager (Male) |
| 9:31 | Queue | Villager (Male) |
| 10:07 | Build | Watch Tower |
| 10:10 | Queue | Villager (Male) |
| 10:20 | Queue | Villager (Male) |
| 11:06 | Build | Watch Tower |
| 11:13 | Queue | Villager (Male) |
| 11:29 | Queue | Villager (Male) |
| 11:46 | Queue | Villager (Male) |
| 11:59 | Queue | Villager (Male) |
| 12:04 | Build | Blacksmith |
| 12:05 | Build | House |
| 12:35 | Build | House |
| 12:35 | Queue | Villager (Male) |
| 12:44 | Queue | Villager (Male) |
| 12:55 | Build | Watch Tower |
| 12:58 | Research | Fletching |
| 13:11 | Queue | Villager (Male) |
| 13:32 | Build | Watch Tower |
| 13:45 | Build | Watch Tower |
| 13:47 | Build | Farm |
| 13:48 | Build | Farm |
| 14:07 | Build | Farm |
| 14:10 | Queue | Villager (Male) |
| 14:11 | Queue | Villager (Male) |
| 14:11 | Queue | Villager (Male) |
| 14:41 | Queue | Villager (Male) |
| 14:41 | Queue | Villager (Male) |
| 14:41 | Queue | Villager (Male) |
| 15:09 | Build | Farm |
| 15:11 | Queue | Villager (Male) |
| 15:11 | Queue | Villager (Male) |
| 15:31 | Build | Watch Tower |
| 15:45 | Build | Stone Wall |
| 15:46 | Build | Stone Wall |
| 15:46 | Build | Stone Wall |
| 15:47 | Build | Stone Wall |
| 15:47 | Queue | Villager (Male) |
| 15:49 | Build | Farm |
| 16:02 | Queue | Villager (Male) |
| 16:13 | Build | Stone Wall |
| 16:14 | Build | Stone Wall |
| 16:14 | Build | Stone Wall |
| 16:15 | Build | Stone Wall |
| 16:18 | Queue | Villager (Male) |
| 16:21 | Build | Farm |
| 16:46 | Build | Watch Tower |
| 16:57 | Build | House |
| 16:59 | Queue | Villager (Male) |
| 17:00 | Build | Farm |
| 17:08 | Build | Stone Wall |
| 17:12 | Build | Farm |
| 17:26 | Queue | Villager (Male) |
| 17:31 | Build | Mining Camp |
| 17:31 | Queue | Villager (Male) |
| 17:42 | Build | Stone Wall |
| 17:43 | Build | Stone Wall |
| 17:43 | Build | Stone Wall |
| 17:44 | Build | Stone Wall |
| 17:46 | Build | Stone Wall |
| 17:49 | Build | House |
| 17:51 | Build | Outpost |
| 17:54 | Queue | Villager (Male) |
| 17:59 | Queue | Villager (Male) |
| 18:01 | Research | Double-Bit Axe |
| 18:33 | Build | Mining Camp |
| 18:35 | Queue | Villager (Male) |
| 18:40 | Queue | Villager (Male) |
| 18:52 | Build | Stone Wall |
| 18:52 | Build | Stone Wall |
| 18:53 | Build | Stone Wall |
| 18:54 | Build | Stone Wall |
| 18:58 | Build | Stone Wall |
| 18:59 | Build | Stone Wall |
| 19:00 | Build | Stone Wall |
| 19:02 | Queue | Villager (Male) |
| 19:31 | Queue | Villager (Male) |
| 19:56 | Build | Watch Tower |
| 20:34 | Queue | Villager (Male) |
| 20:38 | Build | Market |
| 21:34 | Queue | Villager (Male) |
| 21:36 | Research | Castle Age |
| 21:58 | Build | Watch Tower |
| 22:01 | Queue | Villager (Male) |
| 22:06 | Build | Farm |
| 22:07 | Build | Farm |
| 22:29 | Research | Horse Collar |
| 22:58 | Build | Farm |
| 23:02 | Build | House |
| 23:04 | Build | House |
| 24:16 | Queue | Villager (Male) |
| 24:17 | Age | Castle Age |
| 24:32 | Build | Town Center |
| 24:49 | Build | House |
| 24:50 | Queue | Villager (Male) |
| 24:52 | Build | Town Center |
| 24:59 | Queue | Villager (Male) |
| 25:10 | Research | Bow Saw |
| 25:10 | Queue | Villager (Male) |
| 25:24 | Queue | Villager (Male) |
| 25:35 | Build | Lumber Camp |
| 25:42 | Queue | Villager (Male) |
| 25:46 | Build | Outpost |
| 25:52 | Queue | Villager (Male) |
| 25:57 | Queue | Villager (Male) |
| 26:00 | Research | Wheelbarrow |
| 26:01 | Queue | Villager (Male) |
| 26:04 | Queue | Villager (Male) |
| 26:07 | Queue | Villager (Male) |
| 26:09 | Build | Farm |
| 26:10 | Build | Farm |
| 26:13 | Build | Outpost |
| 26:13 | Queue | Villager (Male) |
| 26:14 | Queue | Villager (Male) |
| 26:17 | Queue | Villager (Male) |
| 26:26 | Build | Farm |
| 26:33 | Build | Monastery |
| 26:35 | Queue | Villager (Male) |
| 26:38 | Queue | Villager (Male) |
| 26:38 | Queue | Villager (Male) |
Build order — Kaze
First 150 of 546 actions detected
| 0:00 | Queue | Villager (Male) |
| 0:01 | Queue | Villager (Male) |
| 0:01 | Queue | Villager (Male) |
| 0:02 | Build | House |
| 0:03 | Build | House |
| 0:19 | Queue | Villager (Male) |
| 0:19 | Queue | Villager (Male) |
| 1:23 | Queue | Villager (Male) |
| 1:50 | Queue | Villager (Male) |
| 1:50 | Queue | Villager (Male) |
| 2:02 | Build | Lumber Camp |
| 2:30 | Queue | Villager (Male) |
| 2:31 | Queue | Villager (Male) |
| 2:55 | Queue | Villager (Male) |
| 2:55 | Queue | Villager (Male) |
| 3:01 | Queue | Villager (Male) |
| 3:26 | Build | House |
| 3:27 | Build | House |
| 3:29 | Build | House |
| 3:37 | Build | House |
| 3:39 | Queue | Villager (Male) |
| 3:39 | Queue | Villager (Male) |
| 4:05 | Queue | Villager (Male) |
| 4:05 | Queue | Villager (Male) |
| 4:25 | Queue | Villager (Male) |
| 4:25 | Queue | Villager (Male) |
| 4:54 | Queue | Villager (Male) |
| 4:54 | Queue | Villager (Male) |
| 5:03 | Queue | Villager (Male) |
| 5:03 | Queue | Villager (Male) |
| 5:23 | Queue | Villager (Male) |
| 5:31 | Build | Mill |
| 5:39 | Queue | Villager (Male) |
| 5:40 | Queue | Villager (Male) |
| 5:56 | Queue | Villager (Male) |
| 5:57 | Queue | Villager (Male) |
| 6:33 | Queue | Villager (Male) |
| 6:33 | Queue | Villager (Male) |
| 6:55 | Build | Mill |
| 6:55 | Queue | Villager (Male) |
| 6:55 | Queue | Villager (Male) |
| 7:01 | Queue | Villager (Male) |
| 7:05 | Queue | Villager (Male) |
| 7:09 | Queue | Villager (Male) |
| 7:26 | Queue | Villager (Male) |
| 7:26 | Queue | Villager (Male) |
| 7:33 | Queue | Villager (Male) |
| 8:04 | Research | Feudal Age |
| 8:08 | Build | Mining Camp |
| 8:10 | Build | Mining Camp |
| 9:06 | Queue | Villager (Male) |
| 9:06 | Queue | Villager (Male) |
| 9:39 | Build | House |
| 9:41 | Build | House |
| 10:13 | Build | House |
| 10:14 | Age | Feudal Age |
| 10:23 | Build | Stone Wall |
| 10:24 | Build | Stone Wall |
| 10:31 | Build | Stone Wall |
| 10:33 | Build | Stone Wall |
| 10:58 | Queue | Villager (Male) |
| 10:58 | Queue | Villager (Male) |
| 11:15 | Build | Lumber Camp |
| 11:36 | Build | Stone Wall |
| 11:39 | Research | Loom |
| 11:48 | Queue | Villager (Male) |
| 11:50 | Build | Farm |
| 11:51 | Build | Farm |
| 11:54 | Build | Farm |
| 11:55 | Build | Farm |
| 12:04 | Build | Gate |
| 12:06 | Queue | Villager (Male) |
| 12:11 | Build | Watch Tower |
| 12:20 | Research | Wheelbarrow |
| 12:27 | Queue | Villager (Male) |
| 12:43 | Research | Double-Bit Axe |
| 13:19 | Build | Blacksmith |
| 13:41 | Build | Farm |
| 13:53 | Research | Fletching |
| 13:56 | Build | Farm |
| 14:01 | Queue | Villager (Male) |
| 14:16 | Research | Horse Collar |
| 14:16 | Queue | Villager (Male) |
| 14:51 | Build | Farm |
| 15:27 | Build | Market |
| 15:41 | Queue | Villager (Male) |
| 16:21 | Build | Lumber Camp |
| 16:36 | Research | Castle Age |
| 16:54 | Build | Farm |
| 16:58 | Build | Farm |
| 17:40 | Build | Farm |
| 17:41 | Build | Farm |
| 18:15 | Build | Farm |
| 18:16 | Build | Farm |
| 18:30 | Research | Gold Mining |
| 19:00 | Queue | Villager (Male) |
| 19:01 | Queue | Villager (Male) |
| 19:16 | Age | Castle Age |
| 19:19 | Build | Siege Workshop |
| 19:40 | Queue | Villager (Male) |
| 19:42 | Queue | Mangonel |
| 19:51 | Research | Hand Cart |
| 20:17 | Queue | Villager (Male) |
| 20:46 | Queue | Mangonel |
| 20:58 | Queue | Villager (Male) |
| 21:05 | Build | Town Center |
| 21:36 | Queue | Mangonel |
| 21:40 | Queue | Villager (Male) |
| 21:43 | Queue | Villager (Male) |
| 21:43 | Queue | Villager (Male) |
| 22:08 | Queue | Villager (Male) |
| 22:08 | Queue | Villager (Male) |
| 22:12 | Queue | Villager (Male) |
| 22:12 | Queue | Villager (Male) |
| 22:27 | Queue | Villager (Male) |
| 22:27 | Queue | Villager (Male) |
| 22:27 | Queue | Villager (Male) |
| 22:28 | Queue | Villager (Male) |
| 22:43 | Build | Farm |
| 22:45 | Build | Farm |
| 22:46 | Build | Farm |
| 22:46 | Queue | Villager (Male) |
| 22:46 | Queue | Villager (Male) |
| 23:03 | Queue | Villager (Male) |
| 23:03 | Queue | Villager (Male) |
| 23:13 | Queue | Villager (Male) |
| 23:14 | Queue | Villager (Male) |
| 23:14 | Queue | Villager (Male) |
| 23:27 | Queue | Villager (Male) |
| 23:28 | Queue | Villager (Male) |
| 23:32 | Build | House |
| 23:32 | Build | House |
| 23:33 | Build | House |
| 24:11 | Queue | Villager (Male) |
| 24:14 | Build | Town Center |
| 24:15 | Queue | Villager (Male) |
| 24:16 | Queue | Villager (Male) |
| 24:52 | Queue | Villager (Male) |
| 24:53 | Queue | Villager (Male) |
| 24:57 | Queue | Villager (Male) |
| 24:57 | Queue | Villager (Male) |
| 24:57 | Queue | Villager (Male) |
| 24:58 | Queue | Villager (Male) |
| 25:17 | Build | Stone Wall |
| 25:27 | Build | Farm |
| 25:41 | Queue | Villager (Male) |
| 25:41 | Queue | Villager (Male) |
| 25:41 | Queue | Villager (Male) |
| 25:41 | Queue | Villager (Male) |
| 25:41 | Queue | Villager (Male) |
Match timeline
| 8:27 | FJL · age_up feudal |
| 10:14 | Kaze · age_up feudal |
| 10:23 | Kaze · wall_segment Stone Wall x5 |
| 10:24 | Kaze · wall_segment Stone Wall x5 |
| 10:31 | Kaze · wall_segment Stone Wall x4 |
| 10:33 | Kaze · wall_segment Stone Wall x3 |
| 11:36 | Kaze · wall_segment Stone Wall x7 |
| 15:45 | FJL · wall_segment Stone Wall x1 |
| 15:46 | FJL · wall_segment Stone Wall x1 |
| 15:46 | FJL · wall_segment Stone Wall x1 |
| 15:47 | FJL · wall_segment Stone Wall x1 |
| 16:13 | FJL · wall_segment Stone Wall x1 |
| 16:14 | FJL · wall_segment Stone Wall x1 |
| 16:14 | FJL · wall_segment Stone Wall x1 |
| 16:15 | FJL · wall_segment Stone Wall x1 |
| 16:17 | Kaze · first_market_buy 100 food |
| 17:08 | FJL · wall_segment Stone Wall x1 |
| 17:42 | FJL · wall_segment Stone Wall x1 |
| 17:43 | FJL · wall_segment Stone Wall x1 |
| 17:43 | FJL · wall_segment Stone Wall x1 |
| 17:44 | FJL · wall_segment Stone Wall x1 |
| 17:46 | FJL · wall_segment Stone Wall x1 |
| 18:52 | FJL · wall_segment Stone Wall x1 |
| 18:52 | FJL · wall_segment Stone Wall x1 |
| 18:53 | FJL · wall_segment Stone Wall x1 |
| 18:54 | FJL · wall_segment Stone Wall x1 |
| 18:58 | FJL · wall_segment Stone Wall x1 |
| 18:59 | FJL · wall_segment Stone Wall x1 |
| 19:00 | FJL · wall_segment Stone Wall x1 |
| 19:05 | Kaze · first_market_sell 100 wood |
| 19:16 | Kaze · age_up castle |
| 19:19 | Kaze · first_building Siege Workshop |
| 21:53 | FJL · first_market_sell 100 wood |
| 21:53 | FJL · first_market_buy 100 stone |
| 24:17 | FJL · age_up castle |
| 25:17 | Kaze · wall_segment Stone Wall x1 |
| 26:33 | FJL · first_building Monastery |
| 32:17 | FJL · first_building Siege Workshop |
| 32:29 | Kaze · first_building Castle |
| 33:00 | Kaze · first_building Barracks |
| 34:10 | FJL · first_building Barracks |
| 34:48 | FJL · first_building Archery Range |
| 36:30 | FJL · age_up imperial |
| 36:48 | Kaze · age_up imperial |
| 37:05 | FJL · first_building Castle |
| 37:55 | FJL · wall_segment Stone Wall x4 |
| 37:58 | FJL · wall_segment Stone Wall x1 |
| 38:05 | FJL · wall_segment Stone Wall x1 |
| 38:08 | FJL · wall_segment Stone Wall x1 |
| 40:58 | Kaze · first_building Stable |
| 42:40 | FJL · resign |
[ AI ANALYSIS · 1 CREDIT ]
What really happened in this match?
Wolo.gg analyzes every decision: build order, eco, micro, common mistakes by bracket. Personalized analysis on WhatsApp or Discord in 30 seconds.
Civ guide
Teutons
Perfil
FJL